 Dungeon Crawl Stone Soup version 0.29.1-15-g9cfb28693d (webtiles) character file.

Game seed: 954754519964689715

88 protoss039 the Digger (level 4, 33/33 HPs)
             Began as a Demonspawn Earth Elementalist on Mar 8, 2023.
             Got out of the dungeon alive.
             The game lasted 00:02:16 (2237 turns).

protoss039 the Digger (DsEE)                        Turns: 2237, Time: 00:02:17

Health: 33/33      AC:  4    Str:  9    XL:     4   Next: 30%
Magic:  8/8        EV: 11    Int: 18    God:
Gold:   154        SH:  5    Dex: 13    Spells: 5/8 levels left

rFire   + . .      SeeInvis .   e - +0 short sword
rCold   . . .      Faith    .   (no shield)
rNeg    . . .      Spirit   .   o - +0 leather armour
rPois   .          Reflect  +   (no helmet)
rElec   .          Harm     .   (no cloak)
rCorr   .          Rampage  .   r - +0 pair of gloves
Will    .....                   (no boots)
Stlth   ++........              p - amulet of reflection
HPRegen 0.11/turn               d - ring of protection from fire
MPRegen 0.11/turn               (no ring)

@: no status effects
A: foul stench 1, powered by pain 1
a: no special abilities


You escaped.
You visited 1 branch of the dungeon, and saw 3 of its levels.

You collected 154 gold pieces.

Inventory:

Hand Weapons
 e - a +0 short sword (weapon)
Armour
 o - a +0 leather armour (worn)
 r - a +0 pair of gloves (worn)
Jewellery
 d - a ring of protection from fire (left hand)
 p - an amulet of reflection (around neck)
Scrolls
 c - 2 scrolls of amnesia {unknown}
 g - a scroll of blinking {unknown}
 h - 2 scrolls of poison {unknown}
 j - 2 scrolls of fog {unknown}
 k - 4 scrolls of identify {unknown}
 l - a scroll of fear {unknown}
 m - a scroll of silence {unknown}
 q - a scroll of noise {unknown}
Potions
 a - a potion of degeneration {unknown}
 b - 3 potions of magic
 f - 2 potions of might {unknown}
 i - 3 potions of attraction {unknown}
 n - a potion of curing {unknown}


   Skills:
 + Level 2.1 Fighting
 - Level 1.7 Dodging
 - Level 1.7 Stealth
 + Level 2.9 Spellcasting
 - Level 0.8 Transmutations
 + Level 3.4 Earth Magic


You had 5 spell levels left.
You knew the following spells:

 Your Spells              Type           Power      Damage    Failure   Level
a - Sandblast             Erth           30%        2d9       5%          1
b - Passwall              Tmut/Erth      8%         N/A       14%         2

Your spell library contained the following spells:

 Spells                   Type           Power      Damage    Failure   Level
 Stone Arrow              Conj/Erth      16%        3d8       34%         3
 Petrify                  Tmut/Erth      10%        N/A       67%         4
 Metabolic Englaciation   Hex/Ice        1%         N/A       100%        5
 Statue Form              Tmut/Erth      6%         N/A       100%        6


Dungeon Overview and Level Annotations

Branches:
Dungeon (3/15) Zot: 15738

Altars:
Makhleb


Innate Abilities, Weirdness & Mutations

You may rarely emit foul miasma when damaged in melee.
You sometimes gain a little power by taking damage.


Message History

Casting: Sandblast (safe; 7% risk of failure)
Confirm with . or Enter, or press ? or * to list all spells.
Aiming: Sandblast (safe; 7% risk of failure)
Press: ? - help, Shift-Dir - straight line, f/p - howler monkey
Aim: a howler monkey (almost dead, 80% to hit)
The blast of sand hits the howler monkey!
You kill the howler monkey!
The endoplasm barely misses you.
The endoplasm hits you but does no damage.
Your Fighting skill increases to level 2!
You have reached level 4!
You feel stronger.
Your demonic ancestry asserts itself...
You begin to emit a foul stench of rot and decay.
Unknown command.
You hit the endoplasm.
You kill the endoplasm!
Unknown command.
Found 16 gold pieces.
There is a stone staircase leading up here.
You climb upwards.
There is a stone staircase leading down here.
HP restored.
There is a stone staircase leading up here.
You climb upwards.
There is a stone staircase leading down here.
You open the door.
There is an open door here.
There is an open door here.
Magic restored.
There is a large open door here.
There is a large open door here.
You open the large door.
There is a large open door here.
There is a large open door here.
There is a large open door here.
There is a large open door here.
There is an open door here.
There is a staircase leading out of the dungeon here.
Are you sure you want to leave the Dungeon?
This will make you lose the game!
You have escaped!

#.###.## #.# #.#..##..# #.# ###
#.# #.#..##..# ##.## ##'##
#.#..##..# ....# ##...##
#.#..##..# .#..# ##.....##
#........# ....##
##.......####.......####
.#...####.....≈≈≈≈≈≈≈≈≈≈.≈≈≈≈≈≈≈≈
........+.....≈######♣##'##♣#####
.....####.....≈#@.8# ~#'#~♣~#8..
....## ##....≈#...##8##.##8##...
.#### ##...≈#...'.........'...
...# ##..≈#...###8#+#8###...
##.### ##.≈#8.8##♣##+##♣##8.8
.....# #.≈##'##♣~.....~♣##'#
.....##### #.≈≈#.##♣.......♣##.#
.........# ##.###.8#.........#8.#
.....##..###..#~#.##...~♣~...##.#


There were no monsters in sight!

Vanquished Creatures
  A howler monkey (D:3)
  2 worms
  3 orcs (D:3)
  3 ball pythons
  8 endoplasms
  A goblin (D:3)
  5 hobgoblins
  2 quokkas
  7 bats
  2 frilled lizards
  2 kobolds (D:1)
  2 rats
38 creatures vanquished.

Notes
Turn   | Place    | Note
-------+----------+-------------------------------------------
     0 | D:1      | protoss039 the Demonspawn Earth Elementalist began the
                  | quest for the Orb.
     0 | D:1      | Reached XP level 1. HP: 13/13 MP: 3/3
   383 | D:1      | Gained mutation: You sometimes gain a little power by
                  | taking damage. [demonic ancestry]
   383 | D:1      | Reached XP level 2. HP: 20/20 MP: 3/5
   526 | D:1      | Found a faded altar of an unknown god.
   864 | D:2      | Reached skill level 1 in Fighting
   992 | D:2      | Reached skill level 3 in Earth Magic
  1693 | D:2      | Reached XP level 3. HP: 26/26 MP: 4/6
  1834 | D:2      | Learned a level 2 spell: Passwall
  2079 | D:3      | Found a burning altar of Makhleb.
  2131 | D:3      | Gained mutation: You may rarely emit foul miasma when
                  | damaged in melee. [demonic ancestry]
  2131 | D:3      | Reached XP level 4. HP: 29/33 MP: 0/8
  2237 | D:$      | Got out of the dungeon alive.

Illustrated notes

Levels and vault maps discovered:
D:1:      saegor_arrival_fortress, layout_loops_corners,
          shapermc_ecumenical_altar_flowoftime, minivault_4
D:2:      layout_basic, minmay_misc_feat_iff, nicolae_hexahallways
D:3:      layout_basic, mainiacjoe_overflow_24_doors

Skill      XL: |  1  2  3 |
---------------+----------+-----
Fighting       | 1 2 |  2.1
Earth Magic    | 3 |  3.4
Dodging        | |  1.7
Stealth        | |  1.7
Spellcasting   | |  2.9
Transmutations | |  0.8

Action                   |  1- 3 |  4- 6 || total
-------------------------+-------+-------++-------
Melee: Short sword       |     2 |     1 ||     3
 Cast: Sandblast         |    48 |       ||    48
Armor: Robe              |     2 |       ||     2
       Leather armour    |     4 |       ||     4
Dodge: Dodged            |     9 |       ||     9
